 Dungeon Crawl Stone Soup version 0.29-a0-821-g66395355a5 (console) character file.

Game seed: 11586173202187161341

120 om the Cutter (level 4, -4/24 HPs)
             Began as a Vampire Enchanter on July 7, 2022.
             Slain by a goblin
             ... wielding a +1 dagger of electrocution
             ... led by Robin
              (16 damage)
             ... on level 3 of the Dungeon.
             The game lasted 00:06:07 (2756 turns).

om the Cutter (Vampire Enchanter)                   Turns: 2756, Time: 00:06:09

Health: -4/24      AC:  3    Str:  7    XL:     4   Next: 75%
Magic:  5/7        EV: 12    Int: 17    God:
Gold:   147        SH:  5    Dex: 16    Spells: 2/7 levels left

rFire   . . .      SeeInvis +   a - +1 dagger (flame)
rCold   + + .      Faith    .   m - +2 buckler
rNeg    + + +      Spirit   .   b - +0 robe
rPois   ∞          Reflect  .   (no helmet)
rElec   .          Harm     .   (no cloak)
rCorr   .          Rampage  .   (no gloves)
Will    .....                   l - +0 pair of boots
Stlth   +++++.....              (no amulet)
HPRegen 0.00/turn               (no ring)
MPRegen 0.10/turn               (no ring)

@: very slightly contaminated, bloodless, inhibited regen
A: bloodless, fangs 3, see invisible, vampiric 2
a: Bat Form, Revivify


You were on level 3 of the Dungeon.
You visited 1 branch of the dungeon, and saw 3 of its levels.

You collected 147 gold pieces.

Inventory:

Hand Weapons
 a - a +1 dagger of flaming (weapon)
Armour
 b - a +0 robe (worn)
 l - a +0 pair of boots (worn)
 m - a +2 buckler (worn)
Jewellery
 k - a +6 ring of dexterity
Wands
 n - a wand of quicksilver (2)
Scrolls
 h - 2 scrolls of teleportation {unknown}
 i - a scroll of blinking {unknown}
 j - a scroll of noise {unknown}
 p - 2 scrolls of vulnerability {unknown}
 q - a scroll of identify {unknown}
Potions
 d - 2 potions of brilliance {unknown}
 e - a potion of mutation {unknown}
 f - a potion of resistance {unknown}
 g - a potion of ambrosia {unknown}
 o - a potion of cancellation {unknown}
 r - a potion of heal wounds {unknown}
 s - 2 potions of haste {unknown}


   Skills:
 + Level 5.1 Short Blades
 - Level 2.1 Dodging
 - Level 4.4 Stealth
 - Level 2.0 Spellcasting
 - Level 4.4 Hexes


You had 2 spell levels left.
You knew the following spells:

 Your Spells              Type           Power      Damage    Failure   Level
a - Ensorcelled Hibernat  Hex/Ice        18%        N/A       16%         2
b - Confusing Touch       Hex            16%        N/A       13%         3

Your spell library contained the following spells:

 Spells                   Type           Power      Damage    Failure   Level
 Sublimation of Blood     Necr           1%         N/A       36%         2
 Wereblood                Tmut           1%         N/A       36%         2
 Tukima's Dance           Hex            16%        N/A       13%         3
 Dazzling Flash           Conj/Hex       18%        N/A       32%         3
 Summon Hydra             Summ           0%         N/A       100%        7


Dungeon Overview and Level Annotations

Branches:
Dungeon (3/15)

Altars:
Hepliaklqana
Xom

Shops:
D:1 =

Annotations:
D:3 Robin


Innate Abilities, Weirdness & Mutations

You do not regenerate when monsters are visible.
You are frail without blood (-20% HP).
You can heal yourself when you bite living creatures.
You are immune to poison.
You have razor-sharp teeth.
You have supernaturally acute eyesight. (SInv)
You are afflicted with vampirism and can become a bat while bloodless.


Message History

You start resting.
HP restored.
(D) Dungeon
Where to? (Enter - D:3 @ (x,y), ? - help)
You see here 7 stones.
There is an open door here.
There is a stone staircase leading down here.
You climb downwards.
Level annotation: Robin
Found 6 poisoned darts and 13 gold pieces.
There is a stone staircase leading up here.
This spell is quite dangerous to cast!
Memorise Confusing Touch, consuming 3 spell levels and leaving 2?
You start memorising the spell.
You continue memorising. x3
You finish memorising.
Spell assigned to 'b'.
Found a stone staircase leading up.
You now have 147 gold pieces (gained 13).
There is a stone staircase leading up here.
You see here 6 poisoned darts. 2 goblins come into view.
A goblin is wielding a +1 dagger of electrocution.
A hobgoblin comes into view.
You barely miss the goblin. You barely miss the goblin.
The hobgoblin shouts!
You bite the goblin.
You draw the goblin's blood!
The goblin is severely wounded.
You hear a shout! x5
The goblin hits you with a +1 dagger of electrocution.
You are electrocuted!
You hear a shout! x2
Aiming: Ensorcelled Hibernation (safe; 16% risk of failure)
Press: ? - help, Q - select action, (/) - cycle Shift-Dir - straight line, f - goblin
Aim: a goblin, wielding a +1 dagger of electrocution (severely wounded, chance to affect: 61%)
You miscast Ensorcelled Hibernation.
You are very lightly contaminated with residual magic.
Nothing appears to happen.
The goblin hits you but does no damage.
You are electrocuted!
Ouch! That really hurt!
You die...

.###.###.#####.# #.##.# >#
#........##.#### #.##.# .#
########.##....# ..##.# .#
#.#####.#. ####.# .# #.#
#.#.#####.# ##
#.#####.#.##....#
#....##.#.##.##.#
####.##.#.##. #.#
#....#....##.# ########
############.# ......)#
#..@.#...g##.#
###..#.#######.##g#g##.##.#
........#......##.#.##....#
..#.....#...#####.#g#######
#.#...#.#.#.# .#.#
..#...#.#.#.# .#.####
.##...#.#.#.# .#.[..#
.#....#.#.#.# #####.#
.#.#..#.#.#.# #.#
.#.#..#.#.### #.#
.#.#.(#.#.# #.#


You could see a hobgoblin and a goblin.

Vanquished Creatures
  An orc priest (D:3)
  A gnoll (D:1)
  2 adders
  7 orcs (D:3)
  6 bats
  2 endoplasms
  3 giant cockroaches
  3 hobgoblins
  4 jackals (D:2)
  6 kobolds
  3 quokkas
  3 ball pythons
  3 frilled lizards
  6 goblins
  4 rats
54 creatures vanquished.

Notes
Turn   | Place    | Note
-------+----------+-------------------------------------------
     0 | D:1      | om the Vampire Enchanter began the quest for the Orb.
     0 | D:1      | Reached XP level 1. HP: 13/13 MP: 3/3
   169 | D:1      | Found Wotwuph's Jewellery Shop.
   184 | D:1      | Reached skill level 2 in Short Blades
   184 | D:1      | Reached XP level 2. HP: 19/19 MP: 5/5
   511 | D:1      | Reached skill level 3 in Short Blades
   628 | D:1      | Found a faded altar of an unknown god.
   672 | D:1      | Learned a level 2 spell: Ensorcelled Hibernation
   865 | D:2      | Gained mutation: You are afflicted with vampirism and can
                  | become a bat while bloodless. [Vampire growth]
   865 | D:2      | Reached XP level 3. HP: 24/24 MP: 6/6
  1469 | D:2      | Reached skill level 4 in Short Blades
  1872 | D:3      | Reached XP level 4. HP: 30/30 MP: 4/7
  2075 | D:3      | Reached skill level 5 in Short Blades
  2191 | D:3      | Found a shimmering altar of Xom.
  2192 | D:3      | Found a hazy altar of Hepliaklqana.
  2193 | D:3      | Noticed a spectral ugly thing
  2378 | D:3      | Noticed Robin
  2682 | D:3      | Learned a level 3 spell: Confusing Touch
  2756 | D:3      | Slain by a goblin

Illustrated notes

Levels and vault maps discovered:
D:1:      sevenhm_arrival_forest_fort_small_4, layout_basic, serial_shops, shop,
          chequers_ecumenical_altar_simple_redux
D:2:      layout_basic
D:3:      layout_basic, regret_index_temple_of_mockery,
          mainiacjoe_overflow_catwalk, nicolae_elyvilon_peaceful_grove,
          serial_co_window_serial, co_window_paths_b, co_window_paths_a,
          co_window_paths_b, co_window_corner_a, co_window_paths_b,
          co_window_2corner, co_window_of_opportunity_b, co_window_paths_c,
          co_window_corner_ca, co_window_4corner_a, glass_columns_a,
          glass_columns_b, glass_columns_c, glass_columns_c, glass_columns_a,
          kennysheep_generic_room_7, uniq_robin

Skill      XL: |  1  2  3  4 |
---------------+-------------+-----
Short Blades   | 2 3 4 5 |  5.1
Dodging        | |  2.1
Stealth        | |  4.4
Spellcasting   | |  2.0
Hexes          | |  4.4

Action                   |  1- 3 |  4- 6 || total
-------------------------+-------+-------++-------
Melee: Dagger            |    87 |    28 ||   115
       Bite              |     7 |     4 ||    11
 Cast: Ensorcelled Hiber |     5 |     4 ||     9
 Abil: Exsanguinate      |       |     1 ||     1
  Use: Potion            |     1 |     1 ||     2
       Scroll            |     2 |       ||     2
 Stab: Invisible         |     1 |     1 ||     2
       Sleeping          |    19 |     7 ||    26
       Distracted        |       |     1 ||     1
Armor: Robe              |    16 |     1 ||    17
Dodge: Dodged            |    48 |    10 ||    58
Block: Buckler           |     2 |     5 ||     7

Table legend: (Time is in decaauts)
 A = Elapsed time spent in this place.
 B = Non-inter-level travel time spent in this place.
 C = Inter-level travel time spent in this place.
 D = Time resting spent in this place.
 E = Time spent auto-exploring this place.
 F = Levels seen in this place.
 G = Mean time per level.
                   A        B        C        D        E       F      G
               +--------+--------+--------+--------+--------+-----+--------+
         Total |   2741 |   2599 |    142 |    650 |   1467 |   3 |  913.7 |
       Dungeon |   2741 |   2599 |    142 |    650 |   1467 |   3 |  913.7 |
               +--------+--------+--------+--------+--------+-----+--------+

Top non-repeatable levels by time:
     D:3: 1051 daAuts
     D:2: 865 daAuts
     D:1: 824 daAuts
